[gd_scene load_steps=65 format=3 uid="uid://cdxguqt4w0s0s"]

[ext_resource type="Texture2D" uid="uid://cng2nh1pnrvpg" path="res://sprites/characters/cpt_sampson/idle/sampson_IDLE_FRONT_8FPS.png" id="1_i3gx2"]
[ext_resource type="Texture2D" uid="uid://ben2wxl4x4o4" path="res://sprites/characters/cpt_sampson/run/sampson_RUN_UP_8FPS.png" id="2_n2qmn"]
[ext_resource type="Texture2D" uid="uid://c2xcvxhpseh8u" path="res://sprites/characters/cpt_sampson/run/sampson_RUN_DOWN_8FPS.png" id="3_jaloc"]
[ext_resource type="Texture2D" uid="uid://csgtpmd8rgeh5" path="res://sprites/characters/cpt_sampson/run/sampson_RUN_LEFTSIDE_8FPS.png" id="4_te0qu"]
[ext_resource type="Texture2D" uid="uid://hw7lov05yx5d" path="res://sprites/characters/cpt_sampson/run/sampson_RUN_RIGHTSIDE_8FPS.png" id="5_pnbim"]
[ext_resource type="Texture2D" uid="uid://dwm36m2w15mtw" path="res://sprites/characters/cpt_sampson/idle/sampson_SWEEPING_FRONT_8FPS.png" id="6_t58cm"]

[sub_resource type="AtlasTexture" id="AtlasTexture_urs46"]
atlas = ExtResource("1_i3gx2")
region = Rect2(0, 0, 18, 27)

[sub_resource type="AtlasTexture" id="AtlasTexture_03qe3"]
atlas = ExtResource("1_i3gx2")
region = Rect2(18, 0, 18, 27)

[sub_resource type="AtlasTexture" id="AtlasTexture_mumnt"]
atlas = ExtResource("1_i3gx2")
region = Rect2(36, 0, 18, 27)

[sub_resource type="AtlasTexture" id="AtlasTexture_22l62"]
atlas = ExtResource("1_i3gx2")
region = Rect2(54, 0, 18, 27)

[sub_resource type="AtlasTexture" id="AtlasTexture_bdkwk"]
atlas = ExtResource("1_i3gx2")
region = Rect2(72, 0, 18, 27)

[sub_resource type="AtlasTexture" id="AtlasTexture_qwtky"]
atlas = ExtResource("1_i3gx2")
region = Rect2(90, 0, 18, 27)

[sub_resource type="AtlasTexture" id="AtlasTexture_3doxu"]
atlas = ExtResource("1_i3gx2")
region = Rect2(108, 0, 18, 27)

[sub_resource type="AtlasTexture" id="AtlasTexture_21dqg"]
atlas = ExtResource("1_i3gx2")
region = Rect2(126, 0, 18, 27)

[sub_resource type="AtlasTexture" id="AtlasTexture_eenyo"]
atlas = ExtResource("1_i3gx2")
region = Rect2(144, 0, 18, 27)

[sub_resource type="AtlasTexture" id="AtlasTexture_fxgpx"]
atlas = ExtResource("1_i3gx2")
region = Rect2(162, 0, 18, 27)

[sub_resource type="AtlasTexture" id="AtlasTexture_80t4s"]
atlas = ExtResource("1_i3gx2")
region = Rect2(180, 0, 18, 27)

[sub_resource type="AtlasTexture" id="AtlasTexture_3cx6u"]
atlas = ExtResource("1_i3gx2")
region = Rect2(198, 0, 18, 27)

[sub_resource type="AtlasTexture" id="AtlasTexture_rdlpo"]
atlas = ExtResource("1_i3gx2")
region = Rect2(216, 0, 18, 27)

[sub_resource type="AtlasTexture" id="AtlasTexture_bjjqv"]
atlas = ExtResource("1_i3gx2")
region = Rect2(234, 0, 18, 27)

[sub_resource type="AtlasTexture" id="AtlasTexture_sxvn4"]
atlas = ExtResource("1_i3gx2")
region = Rect2(252, 0, 18, 27)

[sub_resource type="AtlasTexture" id="AtlasTexture_wlh3k"]
atlas = ExtResource("1_i3gx2")
region = Rect2(270, 0, 18, 27)

[sub_resource type="AtlasTexture" id="AtlasTexture_kvh6d"]
atlas = ExtResource("1_i3gx2")
region = Rect2(288, 0, 18, 27)

[sub_resource type="AtlasTexture" id="AtlasTexture_xt7qq"]
atlas = ExtResource("1_i3gx2")
region = Rect2(306, 0, 18, 27)

[sub_resource type="AtlasTexture" id="AtlasTexture_45587"]
atlas = ExtResource("1_i3gx2")
region = Rect2(324, 0, 18, 27)

[sub_resource type="AtlasTexture" id="AtlasTexture_sq5yk"]
atlas = ExtResource("2_n2qmn")
region = Rect2(0, 0, 18, 28)

[sub_resource type="AtlasTexture" id="AtlasTexture_nojvh"]
atlas = ExtResource("2_n2qmn")
region = Rect2(18, 0, 18, 28)

[sub_resource type="AtlasTexture" id="AtlasTexture_dqwsm"]
atlas = ExtResource("2_n2qmn")
region = Rect2(36, 0, 18, 28)

[sub_resource type="AtlasTexture" id="AtlasTexture_etprr"]
atlas = ExtResource("2_n2qmn")
region = Rect2(54, 0, 18, 28)

[sub_resource type="AtlasTexture" id="AtlasTexture_hp1jr"]
atlas = ExtResource("2_n2qmn")
region = Rect2(72, 0, 18, 28)

[sub_resource type="AtlasTexture" id="AtlasTexture_0qtio"]
atlas = ExtResource("2_n2qmn")
region = Rect2(90, 0, 18, 28)

[sub_resource type="AtlasTexture" id="AtlasTexture_valgd"]
atlas = ExtResource("2_n2qmn")
region = Rect2(108, 0, 18, 28)

[sub_resource type="AtlasTexture" id="AtlasTexture_67ccu"]
atlas = ExtResource("2_n2qmn")
region = Rect2(126, 0, 18, 28)

[sub_resource type="AtlasTexture" id="AtlasTexture_o1p0v"]
atlas = ExtResource("3_jaloc")
region = Rect2(0, 0, 18, 28)

[sub_resource type="AtlasTexture" id="AtlasTexture_to03j"]
atlas = ExtResource("3_jaloc")
region = Rect2(18, 0, 18, 28)

[sub_resource type="AtlasTexture" id="AtlasTexture_bi5xy"]
atlas = ExtResource("3_jaloc")
region = Rect2(36, 0, 18, 28)

[sub_resource type="AtlasTexture" id="AtlasTexture_exms4"]
atlas = ExtResource("3_jaloc")
region = Rect2(54, 0, 18, 28)

[sub_resource type="AtlasTexture" id="AtlasTexture_p8mgc"]
atlas = ExtResource("3_jaloc")
region = Rect2(72, 0, 18, 28)

[sub_resource type="AtlasTexture" id="AtlasTexture_vaw6d"]
atlas = ExtResource("3_jaloc")
region = Rect2(90, 0, 18, 28)

[sub_resource type="AtlasTexture" id="AtlasTexture_pg1io"]
atlas = ExtResource("3_jaloc")
region = Rect2(108, 0, 18, 28)

[sub_resource type="AtlasTexture" id="AtlasTexture_oww8m"]
atlas = ExtResource("3_jaloc")
region = Rect2(126, 0, 18, 28)

[sub_resource type="AtlasTexture" id="AtlasTexture_qf3gp"]
atlas = ExtResource("4_te0qu")
region = Rect2(0, 0, 20, 28)

[sub_resource type="AtlasTexture" id="AtlasTexture_4cr7m"]
atlas = ExtResource("4_te0qu")
region = Rect2(20, 0, 20, 28)

[sub_resource type="AtlasTexture" id="AtlasTexture_oydeq"]
atlas = ExtResource("4_te0qu")
region = Rect2(40, 0, 20, 28)

[sub_resource type="AtlasTexture" id="AtlasTexture_d1lyi"]
atlas = ExtResource("4_te0qu")
region = Rect2(60, 0, 20, 28)

[sub_resource type="AtlasTexture" id="AtlasTexture_1k2fr"]
atlas = ExtResource("4_te0qu")
region = Rect2(80, 0, 20, 28)

[sub_resource type="AtlasTexture" id="AtlasTexture_465wi"]
atlas = ExtResource("4_te0qu")
region = Rect2(100, 0, 20, 28)

[sub_resource type="AtlasTexture" id="AtlasTexture_wlmhs"]
atlas = ExtResource("4_te0qu")
region = Rect2(120, 0, 20, 28)

[sub_resource type="AtlasTexture" id="AtlasTexture_pnhgm"]
atlas = ExtResource("4_te0qu")
region = Rect2(140, 0, 20, 28)

[sub_resource type="AtlasTexture" id="AtlasTexture_n2ggy"]
atlas = ExtResource("5_pnbim")
region = Rect2(0, 0, 20, 28)

[sub_resource type="AtlasTexture" id="AtlasTexture_bgcw4"]
atlas = ExtResource("5_pnbim")
region = Rect2(20, 0, 20, 28)

[sub_resource type="AtlasTexture" id="AtlasTexture_dc16p"]
atlas = ExtResource("5_pnbim")
region = Rect2(40, 0, 20, 28)

[sub_resource type="AtlasTexture" id="AtlasTexture_uae5m"]
atlas = ExtResource("5_pnbim")
region = Rect2(60, 0, 20, 28)

[sub_resource type="AtlasTexture" id="AtlasTexture_kx7vu"]
atlas = ExtResource("5_pnbim")
region = Rect2(80, 0, 20, 28)

[sub_resource type="AtlasTexture" id="AtlasTexture_xk0yw"]
atlas = ExtResource("5_pnbim")
region = Rect2(100, 0, 20, 28)

[sub_resource type="AtlasTexture" id="AtlasTexture_4oqhh"]
atlas = ExtResource("5_pnbim")
region = Rect2(120, 0, 20, 28)

[sub_resource type="AtlasTexture" id="AtlasTexture_odxx2"]
atlas = ExtResource("5_pnbim")
region = Rect2(140, 0, 20, 28)

[sub_resource type="AtlasTexture" id="AtlasTexture_bwnxl"]
atlas = ExtResource("6_t58cm")
region = Rect2(0, 0, 16, 28)

[sub_resource type="AtlasTexture" id="AtlasTexture_vox3m"]
atlas = ExtResource("6_t58cm")
region = Rect2(16, 0, 16, 28)

[sub_resource type="AtlasTexture" id="AtlasTexture_5xbys"]
atlas = ExtResource("6_t58cm")
region = Rect2(32, 0, 16, 28)

[sub_resource type="AtlasTexture" id="AtlasTexture_3wt6m"]
atlas = ExtResource("6_t58cm")
region = Rect2(48, 0, 16, 28)

[sub_resource type="AtlasTexture" id="AtlasTexture_eodn6"]
atlas = ExtResource("6_t58cm")
region = Rect2(64, 0, 16, 28)

[sub_resource type="AtlasTexture" id="AtlasTexture_3xugo"]
atlas = ExtResource("6_t58cm")
region = Rect2(80, 0, 16, 28)

[sub_resource type="SpriteFrames" id="SpriteFrames_myqhf"]
animations = [{
"frames": [{
"duration": 1.0,
"texture": SubResource("AtlasTexture_urs46")
}, {
"duration": 1.0,
"texture": SubResource("AtlasTexture_03qe3")
}, {
"duration": 1.0,
"texture": SubResource("AtlasTexture_mumnt")
}, {
"duration": 1.0,
"texture": SubResource("AtlasTexture_22l62")
}, {
"duration": 1.0,
"texture": SubResource("AtlasTexture_bdkwk")
}, {
"duration": 1.0,
"texture": SubResource("AtlasTexture_qwtky")
}, {
"duration": 1.0,
"texture": SubResource("AtlasTexture_3doxu")
}, {
"duration": 1.0,
"texture": SubResource("AtlasTexture_21dqg")
}, {
"duration": 1.0,
"texture": SubResource("AtlasTexture_eenyo")
}, {
"duration": 1.0,
"texture": SubResource("AtlasTexture_fxgpx")
}, {
"duration": 1.0,
"texture": SubResource("AtlasTexture_80t4s")
}, {
"duration": 1.0,
"texture": SubResource("AtlasTexture_3cx6u")
}, {
"duration": 1.0,
"texture": SubResource("AtlasTexture_rdlpo")
}, {
"duration": 1.0,
"texture": SubResource("AtlasTexture_bjjqv")
}, {
"duration": 1.0,
"texture": SubResource("AtlasTexture_sxvn4")
}, {
"duration": 1.0,
"texture": SubResource("AtlasTexture_wlh3k")
}, {
"duration": 1.0,
"texture": SubResource("AtlasTexture_kvh6d")
}, {
"duration": 1.0,
"texture": SubResource("AtlasTexture_xt7qq")
}, {
"duration": 1.0,
"texture": SubResource("AtlasTexture_45587")
}],
"loop": true,
"name": &"idle",
"speed": 8.0
}, {
"frames": [{
"duration": 1.0,
"texture": SubResource("AtlasTexture_sq5yk")
}, {
"duration": 1.0,
"texture": SubResource("AtlasTexture_nojvh")
}, {
"duration": 1.0,
"texture": SubResource("AtlasTexture_dqwsm")
}, {
"duration": 1.0,
"texture": SubResource("AtlasTexture_etprr")
}, {
"duration": 1.0,
"texture": SubResource("AtlasTexture_hp1jr")
}, {
"duration": 1.0,
"texture": SubResource("AtlasTexture_0qtio")
}, {
"duration": 1.0,
"texture": SubResource("AtlasTexture_valgd")
}, {
"duration": 1.0,
"texture": SubResource("AtlasTexture_67ccu")
}],
"loop": true,
"name": &"run_back",
"speed": 8.0
}, {
"frames": [{
"duration": 1.0,
"texture": SubResource("AtlasTexture_o1p0v")
}, {
"duration": 1.0,
"texture": SubResource("AtlasTexture_to03j")
}, {
"duration": 1.0,
"texture": SubResource("AtlasTexture_bi5xy")
}, {
"duration": 1.0,
"texture": SubResource("AtlasTexture_exms4")
}, {
"duration": 1.0,
"texture": SubResource("AtlasTexture_p8mgc")
}, {
"duration": 1.0,
"texture": SubResource("AtlasTexture_vaw6d")
}, {
"duration": 1.0,
"texture": SubResource("AtlasTexture_pg1io")
}, {
"duration": 1.0,
"texture": SubResource("AtlasTexture_oww8m")
}],
"loop": true,
"name": &"run_front",
"speed": 8.0
}, {
"frames": [{
"duration": 1.0,
"texture": SubResource("AtlasTexture_qf3gp")
}, {
"duration": 1.0,
"texture": SubResource("AtlasTexture_4cr7m")
}, {
"duration": 1.0,
"texture": SubResource("AtlasTexture_oydeq")
}, {
"duration": 1.0,
"texture": SubResource("AtlasTexture_d1lyi")
}, {
"duration": 1.0,
"texture": SubResource("AtlasTexture_1k2fr")
}, {
"duration": 1.0,
"texture": SubResource("AtlasTexture_465wi")
}, {
"duration": 1.0,
"texture": SubResource("AtlasTexture_wlmhs")
}, {
"duration": 1.0,
"texture": SubResource("AtlasTexture_pnhgm")
}],
"loop": true,
"name": &"run_left",
"speed": 8.0
}, {
"frames": [{
"duration": 1.0,
"texture": SubResource("AtlasTexture_n2ggy")
}, {
"duration": 1.0,
"texture": SubResource("AtlasTexture_bgcw4")
}, {
"duration": 1.0,
"texture": SubResource("AtlasTexture_dc16p")
}, {
"duration": 1.0,
"texture": SubResource("AtlasTexture_uae5m")
}, {
"duration": 1.0,
"texture": SubResource("AtlasTexture_kx7vu")
}, {
"duration": 1.0,
"texture": SubResource("AtlasTexture_xk0yw")
}, {
"duration": 1.0,
"texture": SubResource("AtlasTexture_4oqhh")
}, {
"duration": 1.0,
"texture": SubResource("AtlasTexture_odxx2")
}],
"loop": true,
"name": &"run_right",
"speed": 8.0
}, {
"frames": [{
"duration": 1.0,
"texture": SubResource("AtlasTexture_bwnxl")
}, {
"duration": 1.0,
"texture": SubResource("AtlasTexture_vox3m")
}, {
"duration": 1.0,
"texture": SubResource("AtlasTexture_5xbys")
}, {
"duration": 1.0,
"texture": SubResource("AtlasTexture_3wt6m")
}, {
"duration": 1.0,
"texture": SubResource("AtlasTexture_eodn6")
}, {
"duration": 1.0,
"texture": SubResource("AtlasTexture_3xugo")
}],
"loop": true,
"name": &"sweeping",
"speed": 6.0
}]

[node name="CptSampsonBase" type="AnimatedSprite2D"]
position = Vector2(0, -70)
scale = Vector2(5.2, 5.2)
sprite_frames = SubResource("SpriteFrames_myqhf")
animation = &"sweeping"
frame = 1
frame_progress = 0.965591
